 Dungeon Crawl Stone Soup version 0.23-a0-489-g205b0b6 (webtiles) character file.

218497 iamserjio the Peltast (level 19, -13/121 HPs)
             Began as an Octopode Wanderer on Dec 2, 2018.
             Was the Champion of Hepliaklqana.
             Killed from afar by Nikola (24 damage)
             ... with a chain lightning
             ... on level 3 of the Shoals.
             The game lasted 02:51:18 (46586 turns).

iamserjio the Peltast (Octopode Wanderer)          Turns: 46586, Time: 02:51:19

Health: -13/121    AC:  3    Str: 10    XL:     19   Next: 11%
Magic:  36/41      EV: 29    Int: 24    God:    Hepliaklqana [******]
Gold:   1045       SH: 18    Dex: 15    Spells: 7/37 levels left

rFire    . . .     SeeInvis +   u - +1 dagger (pain)
rCold    + . .     Gourm    .   P - +5 shield
rNeg     . . .     Faith    .   Z - +2 hat
rPois    +         Spirit   .   f - amulet of the acrobat
rElec    .         Reflect  .   g - ring of magical power
rCorr    .         Harm     .   N - +3 ring of evasion
MR       +++..                  E - ring of protection from magic
Stlth    ++++......             J - +2 ring of evasion
HPRegen  0.30/turn              H - ring of protection from magic
MPRegen  0.27/turn              S - ring "Obac" {*Slow Int+4 Slay+1 SInv Stlth+}
                                c - ring of poison resistance
                                k - ring of protection from cold

@: no status effects
A: almost no armour, stealthy swim, amphibious, 8 rings, constrict 8, reduced
essence, camouflage 1, gelatinous body 1
}: 1/15 runes: serpentine
a: Recall Ancestor, Ancestor Identity, Transference, Idealise, Renounce Religion


You were on level 3 of the Shoals.
You worshipped Hepliaklqana.
Hepliaklqana was exalted by your worship.
You were hungry.

You visited 6 branches of the dungeon, and saw 31 of its levels.
You also visited: Bailey and Ice Cave.

You collected 3016 gold pieces.
You spent 1971 gold pieces at shops.

Inventory:

Hand Weapons
 u - a +1 dagger of pain (weapon)
 C - a +3 scimitar
Missiles
 O - 6 throwing nets (quivered) {!f}
Armour
 P - a +5 shield (worn)
 Z - a +2 hat (worn)
Magical Staves
 y - an uncursed staff of air
Jewellery
 c - a ring of poison resistance (on tentacle)
 f - an amulet of the acrobat (around mantle)
 g - a ring of magical power (left tentacle)
 k - a ring of protection from cold (on tentacle)
 E - a ring of protection from magic (on tentacle)
 H - a ring of protection from magic (on tentacle)
 J - a +2 ring of evasion (on tentacle)
 N - a +3 ring of evasion (right tentacle)
 S - the ring "Obac" (on tentacle) {*Slow Int+4 Slay+1 SInv Stlth+}
   (You acquired it in a bailey)

   [ring of slaying]

   It affects your intelligence (+4).
   It affects your accuracy and damage with ranged weapons and melee attacks
   (+1).
   It lets you see invisible.
   It may slow you when you take damage.
   It makes you more stealthy.
Wands
 j - a wand of paralysis (25)
 o - a wand of digging (20)
 q - a wand of iceblast (28)
 A - a wand of enslavement (5)
 B - a wand of acid (25)
 F - a wand of scattershot (6)
 R - a wand of clouds (10)
 V - a wand of disintegration (38)
Scrolls
 a - 15 scrolls of remove curse {@r2}
 e - a scroll of summoning
 i - 8 scrolls of immolation
 l - 4 scrolls of enchant weapon
 n - 3 scrolls of fear
 r - 4 scrolls of identify {@r1}
 x - 3 scrolls of fog
 z - 12 scrolls of teleportation
 I - 3 scrolls of holy word
 L - 2 scrolls of vulnerability
 T - a scroll of silence
 W - 3 scrolls of magic mapping
Potions
 b - 2 potions of brilliance
 h - 18 potions of curing {@q1}
 p - 6 potions of haste
 s - 3 potions of heal wounds
 t - 3 potions of agility
 v - 10 potions of mutation
 w - 8 potions of berserk rage
 G - 3 potions of invisibility
 M - 2 potions of resistance
 Q - 4 potions of lignification
 U - 3 potions of might
 X - 2 potions of magic
 Y - a potion of cancellation
Miscellaneous
 m - a fan of gales
 K - a lamp of fire
Comestibles
 d - 19 rations


   Skills:
 * Level 13.7 Fighting
 + Level 12.4 Long Blades
   Level 0.3 Polearms
 - Level 1.0 Throwing
 + Level 14.8 Dodging
 - Level 15.0 Shields
 * Level 9.7 Spellcasting
 - Level 8.0 Conjurations
 - Level 6.0 Necromancy
 - Level 7.0 Fire Magic
 - Level 11.0 Earth Magic
 - Level 1.2 Poison Magic
 - Level 4.0 Invocations
 - Level 6.0 Evocations


You had 7 spell levels left.
You knew the following spells:

 Your Spells              Type           Power        Failure   Level  Hunger
a - Mephitic Cloud        Conj/Pois/Air  ####....     4%          3    None
b - Conjure Flame         Conj/Fire      #####...     1%          3    None
c - Sticky Flame          Conj/Fire      #####...     2%          4    #......
d - Fireball              Conj/Fire      #####.....   7%          5    ####...
e - Borgnjor's Vile Clut  Necr/Erth      ######....   4%          5    ####...
f - Animate Dead          Necr           N/A          4%          4    #......
g - Statue Form           Tmut/Erth      #####....    65%         6    ######.

Your spell library contained the following spells:

 Spells                   Type           Power        Failure   Level  Hunger
 Flame Tongue             Conj/Fire      #####        1%          1    None
 Magic Dart               Conj           ####         1%          1    None
 Sting                    Conj/Pois      ####         1%          1    None
 Corpse Rot               Necr           N/A          1%          2    None
 Throw Flame              Conj/Fire      #####.       1%          2    None
 Stone Arrow              Conj/Erth      ######       1%          3    None
 Dazzling Spray           Conj/Hex       ####..       3%          3    None
 Inner Flame              Hex/Fire       ####....     3%          3    None
 Static Discharge         Conj/Air       ####....     3%          3    None
 Corona                   Hex            ##.....      5%          1    None
 Summon Small Mammal      Summ           ##..         5%          1    None
 Ignite Poison            Fire/Tmut/Pois ###.....     5%          3    None
 Leda's Liquefaction      Hex/Erth       #####.....   5%          4    #......
 Poisonous Vapours        Pois/Air       ##....       6%          2    None
 Blink                    Tloc           N/A          9%          2    None
 Call Imp                 Summ           ##......     9%          2    None
 Ensorcelled Hibernation  Hex/Ice        ##....       9%          2    None
 Slow                     Hex            ##......     9%          2    None
 Force Lance              Conj/Tloc      ####....     11%         4    #......
 Call Canine Familiar     Summ           ##......     16%         3    None
 Confuse                  Hex            ##......     16%         3    None
 Gell's Gravitas          Tloc           ##........   16%         3    None
 Portal Projectile        Hex/Tloc       ##....       16%         3    None
 Recall                   Summ/Tloc      N/A          16%         3    None
 Summon Guardian Golem    Hex/Summ       ##......     16%         3    None
 Tukima's Dance           Hex            ##......     16%         3    None
 Venom Bolt               Conj/Pois      ####......   22%         5    ####...
 Irradiate                Conj/Tmut      ####......   28%         5    ####...
 Lightning Bolt           Conj/Air       ####......   28%         5    ####...
 Olgreb's Toxic Radiance  Pois           ###.....     32%         4    #......
 Bolt of Fire             Conj/Fire      #####.....   36%         6    ######.
 Summon Ice Beast         Ice/Summ       ##......     47%         4    #......
 Summon Lightning Spire   Summ/Air       ##......     47%         4    #......
 Death Channel            Necr           #####.....   56%         6    ######.
 Summon Forest            Summ/Tloc      ##........   83%         5    ####...
 Simulacrum               Ice/Necr       ####......   94%         6    ######.
 Dispersal                Tloc           ##........   100%        6    ######.
 Hydra Form               Tmut           ##........   100%        6    ######.
 Dragon Form              Tmut           ##........   100%        7    #######
 Ring of Flames           Chrm/Fire      ####......   100%        7    #######
 Summon Hydra             Summ           ##........   100%        7    #######
 Controlled Blink         Tloc           N/A          100%        8    #######
 Disjunction              Tloc           ##........   100%        8    #######
 Ignition                 Fire           #####.....   100%        8    #######
 Dragon's Call            Summ           ##........   100%        9    #######
 Shatter                  Erth           ######....   100%        9    #######
 Tornado                  Air            ##........   100%        9    #######


Dungeon Overview and Level Annotations

Branches:
Dungeon (15/15)            Temple (1/1) D:6            Lair (6/6) D:8
 Shoals (3/4) Lair:2        Snake (4/4) Lair:4        Slime (0/5) Lair:5
    Orc (2/2) D:11            Elf (0/3) Orc:2        Vaults (0/5) D:14
 Depths (0/5) D:15

Altars:
Ashenzari
Cheibriados
Dithmenos
Elyvilon
Fedhas
Gozag
Hepliaklqana
Kikubaaqudgha
Makhleb
Nemelex Xobeh
Okawaru
Qazlal
Ru
Sif Muna
Trog
Uskayaw
Vehumet
Wu Jian
Xom
Yredelemnul
Zin
The Shining One
Beogh

Shops:
D:8 [   D:10 =   D:11 }   D:13 !   Orc:2 ([*=   Shoals:1 *   Shoals:2 *=
Snake:1 =}=   Snake:2 (}}*}

Annotations:
D:8 exclusion: oklob plant
Shoals:3 Nikola
Orc:2 2 runed doors, exclusion: orange crystal statue


Innate Abilities, Weirdness & Mutations

You cannot wear most types of armour.
You are very stealthy in the water. (Stealth+)
You are amphibious.
You can wear up to eight rings at the same time.
You can use your tentacles to constrict eight enemies at once.
Your skin changes colour to match your surroundings (Stealth+).
Your rubbery body absorbs attacks. (AC +1, EV +1)
Your life essence is reduced to manifest your ancestor. (-10% HP)


Message History

The lightning arc hits you!
The lightning arc hits your soldier ant.
What are your orders? t - Shout!
Orders for allies: a - Attack new target. r - Retreat! s - Stop attacking. g - Guard the area. f - Follow me.
Anything else - Cancel.
Gang up on whom?
Aim: Nikola, wielding a +3 rapier of electrocution, wearing a +1 cloak and Attack!
The zombie hands constrict Nikola.
Nikola casts a spell.
You hear a mighty clap of thunder!
The lightning arc hits ^^.
The lightning arc hits you!
The lightning arc hits ^^.
The lightning arc hits you!
* * * LOW HITPOINT WARNING * * *
The lightning arc hits ^^. ^^ is destroyed!
The lightning arc hits you!
You die...

≈≈≈≈≈≈≈≈≈≈ ....≈≈≈≈..
≈≈≈≈≈≈≈≈≈ .....@≈≈≈.# ≈≈≈≈≈≈≈≈
≈≈....≈≈≈))# ≈ ≈≈≈≈≈≈≈
≈≈..†≈≈≈≈≈. ≈≈
≈≈≈....≈≈≈(.####.≈≈
≈≈≈≈≈...≈≈≈≈.#...≈≈≈
≈≈≈≈≈≈≈≈≈≈≈≈≈≈...≈≈≈≈
≈≈≈≈≈≈>...≈≈≈@a≈≈≈≈≈≈
≈≈≈≈≈≈.###.≈≈≈≈≈≈≈≈≈≈
≈≈≈≈....##.≈≈≈≈≈≈≈≈.≈
≈≈≈≈.#.....≈≈≈..≈≈≈....≈≈≈≈≈≈≈
≈≈≈≈≈≈>...≈≈≈...≈≈≈≈≈...≈≈≈≈≈≈
≈≈≈≈≈≈≈≈.≈≈≈≈≈...###≈...≈≈≈≈≈≈
≈≈≈≈≈≈≈≈.≈≈≈..≈...##..≈≈≈≈≈≈≈≈
≈≈≈≈≈≈≈≈≈≈≈≈≈≈≈≈≈.# #.≈≈≈≈≈≈≈≈
≈≈≈≈≈≈≈≈≈≈≈≈≈≈≈≈≈.# #.≈≈≈≈≈≈≈


You could see Nikola and a friendly soldier ant.

Vanquished Creatures
  Rupert (D:15)
  9 nagarajas
  A frost giant (IceCv)
  2 orc warlords
  Azrael (Orc:2)
  2 merfolk impalers (Shoals:1)
  An ice dragon (Lair:5)
  A rakshasa (D:15)
  5 hydras
  3 anacondas
  9 naga warriors
  2 centaur warriors (D:15)
  3 two-headed ogres
  2 merfolk aquamancers
  A catoblepas (Lair:5)
  2 dancing weapons (D:14)
  The ghost of derval the Destroyer, a journeyman DEFE of Vehumet (D:9)
  A satyr (Shoals:2)
  2 death yaks (IceCv)
  2 orc high priests (Orc:2)
  A tengu warrior (D:15)
  7 naga sharpshooters
  3 shock serpents
  Sonja (Lair:1)
  5 sea snakes
  An unseen horror (D:13)
  2 naga ritualists (Snake:4)
  6 orc knights
  8 fauns
  2 harpies (Shoals:3)
  8 mana vipers
  4 orc sorcerers (Orc:2)
  A deep elf mage (D:15)
  2 cyclopes
  8 salamanders
  7 manticores
  4 guardian serpents
  3 merfolk sirens
  20 black mambas
  9 naga magi
  24 elephants
  3 water nymphs
  17 spiny frogs
  An ice statue (IceCv)
  A gargoyle (D:11)
  3 komodo dragons
  A kobold demonologist (D:11)
  A tengu conjurer (D:15)
  4 trolls
  8 merfolk
  2 wind drakes
  The ghost of derval the Digger, an amateur DDEE (D:5)
  A hornet (shapeshifter) (D:11)
  13 polar bears
  9 hippogriffs
  A tyrant leech (Lair:6)
  5 dream sheep (Lair:6)
  18 blink frogs
  3 snapping turtles
  5 slime creatures
  2 water elementals (Shoals:2)
  3 wyverns
  A wraith (D:13)
  51 yaks
  3 basilisks
  A fire elemental (Orc:2)
  13 vampire mosquitoes
  Menkaure (D:6)
  44 nagas
  Edmund (D:5)
  2 wargs
  A hell hound (Orc:1)
  2 soldier ants (D:14)
  16 water moccasins
  7 porcupines
  2 ice beasts
  17 orc warriors
  5 sky beasts
  3 black bears
  An eye of draining (D:9)
  2 phantoms
  12 ogres
  3 necrophages
  A knight (Snake:4)
  13 wolves
  13 crocodiles
  6 centaurs
  2 big kobolds (D:9)
  18 bullfrogs
  A wyvern skeleton (D:11)
  5 scorpions
  19 wights
  4 killer bees (D:12)
  5 electric eels
  8 howler monkeys
  10 crimson imps
  2 bullfrog zombies
  2 centaur zombies
  18 orc priests
  A hound (shapeshifter) (D:15)
  4 jellies
  A bullfrog skeleton (D:4)
  7 centaur skeletons
  A gnoll shaman (D:7)
  2 hounds
  14 orc wizards
  An iguana (D:7)
  Ijyb (D:5)
  10 worker ants
  Natasha (thrice) (D:4)
  A mummy (D:11)
  10 adders
  14 gnolls
  A shadow imp (D:8)
  An ooze (D:5)
  4 worms
  3 dart slugs
  2 leopard geckos
  63 orcs
  6 bats
  11 giant cockroaches
  6 goblins
  15 hobgoblins
  2 jackals (D:1)
  8 quokkas
  A ball python (D:4)
  32 kobolds
  9 rats
  2 bushes (Lair:4)
  3 plants
833 creatures vanquished.

Vanquished Creatures (collateral kills)
  A kraken (Shoals:2)
  3 nagarajas
  The ghost of SaintRoka the Grappler, an adept VSFi of Cheibriados (Shoals:2)
  The ghost of Xoff the Fighter, a journeyman MiFi of Okawaru (Snake:1)
  A merfolk javelineer (Shoals:2)
  A merfolk impaler (Shoals:3)
  7 naga warriors
  2 hydras
  A merfolk avatar (Shoals:3)
  2 catoblepae
  A merfolk aquamancer (Shoals:3)
  A death knight (D:15)
  4 anacondas
  2 two-headed ogres
  2 centaur warriors
  A death yak (IceCv)
  2 shock serpents
  3 tengu warriors
  4 naga sharpshooters
  2 orc high priests (Orc:2)
  A sea snake (Shoals:3)
  An unseen horror (D:10)
  The ghost of Azzok the Grappler, a novice TrTm of Cheibriados (D:5)
  An orc knight (D:15)
  5 naga ritualists
  A glowing orange brain (D:15)
  A harpy (shapeshifter) (D:15)
  7 harpies (Shoals:3)
  2 ugly things
  An orc sorcerer (D:15)
  6 salamanders
  10 mana vipers
  3 manticores
  5 fauns
  2 merfolk sirens
  3 elephants
  16 black mambas
  4 guardian serpents
  3 naga magi (Snake:4)
  11 spiny frogs
  4 centaur zombies
  A gargoyle (D:13)
  A rime drake (Lair:4)
  2 centaur skeletons
  A freezing wraith (D:15)
  A komodo dragon (Lair:6)
  A tengu conjurer (D:13)
  7 polar bears
  10 merfolk
  2 trolls
  A wind drake (Shoals:3)
  2 slime creatures (D:15)
  2 tyrant leeches (Lair:6)
  9 blink frogs
  A blink frog (shapeshifter) (D:15)
  6 dream sheep (Lair:6)
  5 hippogriffs
  A shadow (D:15)
  A fire elemental (Orc:1)
  A wraith (D:15)
  A wyvern (D:11)
  20 yaks
  3 basilisks
  10 water elementals
  A golden eye (shapeshifter) (D:15)
  A steam dragon (Lair:4)
  5 vampire mosquitoes
  A hungry ghost (D:11)
  A warg (Orc:1)
  23 nagas
  2 hell hounds (Orc:2)
  A porcupine (Lair:2)
  8 water moccasins
  21 orc warriors
  2 sky beasts
  2 necrophages (D:11)
  A phantom (D:6)
  An ice beast (D:9)
  4 centaurs
  4 wolves (IceCv)
  2 ogres (Orc:1)
  4 crocodiles
  2 big kobolds
  5 bullfrogs
  A scorpion (D:10)
  A wyvern skeleton (D:14)
  8 wights
  4 howler monkeys (D:14)
  A bullfrog zombie (D:11)
  2 crimson imps
  2 hounds
  A quasit (D:9)
  An iguana (D:12)
  5 orc priests
  13 orc wizards
  2 worker ants
  2 gnolls (Bailey)
  An adder (D:11)
  45 orcs
  A goblin (Orc:1)
  3 hobgoblins (Bailey)
  4 kobolds
  A leopard gecko zombie (D:8)
  A bush (D:15)
  3 plants
412 creatures vanquished.

Vanquished Creatures (others)
  A naga sharpshooter (Snake:4)
  A salamander mystic (Snake:4)
  A harpy (Shoals:3)
  2 salamanders (Snake:4)
  A black mamba (Snake:4)
  16 knights
  5 ancestors
  A bush (D:15)
  20 fungi
  60 plants
  8 tentacles (Shoals:2)
  7 withered plants
123 creatures vanquished.

Grand Total: 1368 creatures vanquished

Notes
Turn   | Place    | Note
-------+----------+-------------------------------------------
     0 | D:1      | iamserjio the Octopode Wanderer began the quest for the
                  | Orb.
     0 | D:1      | iamserjio set off with the following items: 11 poisoned
                  | needles, a +0 blowgun, a ration; and the following spell
                  | memorised: Flame Tongue; and the following spells available
                  | to memorise: Throw Flame, Conjure Flame, Inner Flame,
                  | Sticky Flame, Fireball
     0 | D:1      | Reached XP level 1. HP: 11/11 MP: 2/2
   323 | D:1      | Reached XP level 2. HP: 7/18 MP: 0/3
   565 | D:1      | Reached skill level 1 in Dodging
  1017 | D:1      | Reached XP level 3. HP: 22/22 MP: 2/5
  1036 | D:1      | Reached skill level 1 in Fighting
  1163 | D:1      | Reached skill level 1 in Conjurations
  1451 | D:1      | Learned a level 3 spell: Conjure Flame
  1863 | D:2      | Reached XP level 4. HP: 28/28 MP: 1/6
  2042 | D:2      | Noticed an ogre
  2057 | D:2      | Killed an ogre
  2057 | D:2      | Reached XP level 5. HP: 34/34 MP: 0/8
  2343 | D:2      | Found a faded altar of an unknown god.
  2404 | D:2      | Found a sacrificial altar of Ru.
  3360 | D:3      | Learned a level 4 spell: Sticky Flame
  3364 | D:3      | Found an iron altar of Okawaru.
  3692 | D:3      | Reached XP level 6. HP: 31/39 MP: 9/9
  4309 | D:4      | Reached XP level 7. HP: 45/45 MP: 2/11
  4445 | D:4      | Noticed Natasha
  4448 | D:4      | Killed Natasha
  4743 | D:4      | Noticed Natasha
  4854 | D:4      | Killed Natasha
  4854 | D:4      | Reached skill level 5 in Dodging
  4883 | D:4      | Noticed Natasha
  4887 | D:4      | Killed Natasha
  4934 | D:4      | Found a sparkling altar of Nemelex Xobeh.
  5426 | D:5      | Entered Level 5 of the Dungeon
  5496 | D:5      | Got a slimy mace
  5500 | D:5      | Identified the +8 mace "Qymausha" {flame, *Noise +Fly rN++
                  | Str+3} (You found it on level 5 of the Dungeon)
  5597 | D:5      | Found a runed gate.
  5597 | D:5      | Found a runed gate.
  5597 | D:5      | Found a runed gate.
  5597 | D:5      | Noticed derval's ghost (amateur DDEE)
  5598 | D:5      | Noticed Azzok's ghost (novice TrTm)
  6030 | D:5      | Noticed Edmund
  6043 | D:5      | Killed Edmund
  6043 | D:5      | Reached XP level 8. HP: 39/51 MP: 5/13
  6153 | D:5      | Noticed Ijyb
  6185 | D:5      | Killed Ijyb
  6479 | D:5      | Learned a level 5 spell: Fireball
  6513 | D:6      | Found a staircase to the Ecumenical Temple.
  6527 | Temple   | Entered the Ecumenical Temple
  6621 | Temple   | Became a worshipper of Hepliaklqana the Forgotten
  6687 | D:6      | Reached skill level 1 in Evocations
  7016 | D:6      | Noticed Menkaure
  7229 | D:6      | Killed Menkaure
  7551 | D:7      | Reached skill level 5 in Conjurations
  7551 | D:7      | Reached XP level 9. HP: 52/52 MP: 8/15
  8451 | D:8      | Reached * piety under Hepliaklqana
  8476 | D:8      | Found a staircase to the Lair.
  8504 | D:8      | Reached skill level 5 in Fighting
  9119 | D:8      | Found Buptogosk's Armour Shoppe.
  9200 | D:8      | Bought a +0 buckler for 49 gold pieces
  9765 | D:8      | Found a blossoming altar of Fedhas.
  9821 | D:8      | Reached XP level 10. HP: 55/61 MP: 16/16
 10165 | D:8      | Noticed an oklob plant
 10225 | D:9      | Reached skill level 2 in Shields
 11074 | D:9      | Reached skill level 3 in Shields
 11218 | D:9      | Noticed a two-headed ogre
 11236 | D:9      | Killed a two-headed ogre
 11236 | D:9      | Reached skill level 10 in Dodging
 11236 | D:9      | Reached skill level 4 in Shields
 11568 | D:9      | Reached ** piety under Hepliaklqana
 11569 | D:9      | Remembered your ancestor ^^ as a knight
 11577 | D:9      | Reached XP level 11. HP: 45/65 MP: 14/17
 11793 | D:9      | Found a runed door.
 11794 | D:9      | Noticed derval's ghost (journeyman DEFE)
 12120 | D:10     | Entered Level 10 of the Dungeon
 12552 | D:10     | Noticed a two-headed ogre
 12561 | D:10     | Killed a two-headed ogre
 12563 | D:10     | Noticed an unseen horror
 12565 | D:10     | Killed an unseen horror
 12968 | D:10     | Found Cischit's Jewellery Boutique.
 12974 | D:10     | Bought a +3 ring of evasion for 252 gold pieces
 13111 | D:10     | Noticed a two-headed ogre
 13121 | D:10     | Killed a two-headed ogre
 13121 | D:10     | Reached skill level 5 in Shields
 13121 | D:10     | Reached skill level 5 in Spellcasting
 13299 | D:11     | Noticed a seven-headed hydra
 13377 | Lair:1   | Entered Level 1 of the Lair of Beasts
 13433 | Lair:1   | Noticed a six-headed hydra
 13454 | Lair:1   | Killed a six-headed hydra
 13552 | Lair:1   | Reached *** piety under Hepliaklqana
 13618 | Lair:1   | Got an ichor-stained quarterstaff
 13727 | Lair:1   | Noticed Sonja
 13736 | Lair:1   | Killed Sonja
 13750 | Lair:1   | Identified the +7 quarterstaff "Ciosat" {elec, rC+} (You
                  | found it on level 1 of the Lair of Beasts)
 13823 | Lair:1   | Reached XP level 12. HP: 72/72 MP: 20/20
 13941 | Lair:1   | Got a glittering copper amulet
 14340 | Lair:1   | Identified the amulet of the Lonely Dreams {Harm *Drain
                  | rElec rF+ Str-4} (You found it on level 1 of the Lair of
                  | Beasts)
 14350 | Lair:2   | Reached skill level 6 in Shields
 14376 | Lair:2   | Found a staircase to the Shoals.
 15244 | Lair:2   | Reached skill level 7 in Shields
 16249 | Lair:3   | Got a glittering steel ring
 16307 | Lair:3   | Noticed a five-headed hydra
 16314 | Lair:3   | Killed a five-headed hydra
 16316 | Lair:3   | Reached **** piety under Hepliaklqana
 16368 | Lair:3   | Reached XP level 13. HP: 46/80 MP: 10/24
 16673 | Lair:3   | Reached skill level 8 in Shields
 16774 | Lair:3   | Identified the ring "Meacolla" {rCorr rC+ rN+++ Int-5
                  | Dex-3} (You found it on level 3 of the Lair of Beasts)
 17184 | Lair:4   | Reached skill level 1 in Invocations
 17817 | Lair:4   | Reached skill level 9 in Shields
 18008 | Lair:4   | Reached skill level 10 in Fighting
 18370 | Lair:4   | Found a staircase to the Snake Pit.
 18475 | Lair:5   | Found a staircase to the Slime Pits.
 18488 | Lair:5   | Reached ***** piety under Hepliaklqana
 18508 | Lair:5   | Found a frozen archway.
 18513 | Lair:5   | Noticed an ice dragon
 18575 | Lair:5   | Killed an ice dragon
 18607 | IceCv    | Entered an ice cave
 19067 | IceCv    | Reached skill level 10 in Shields
 19656 | IceCv    | Reached XP level 14. HP: 90/90 MP: 25/26
 19876 | IceCv    | Noticed a frost giant
 19883 | IceCv    | Killed a frost giant
 19913 | IceCv    | Reached skill level 11 in Shields
 19991 | IceCv    | Got a pitted jade ring
 19992 | IceCv    | Identified the ring of Gaschibaf {Ice Int+4} (You found it
                  | in an ice cave)
 20051 | IceCv    | Learned a level 5 spell: Borgnjor's Vile Clutch
 20056 | IceCv    | Learned a level 4 spell: Animate Dead
 20063 | IceCv    | Learned a level 6 spell: Statue Form
 20257 | Lair:5   | Reached skill level 1 in Necromancy
 20768 | Lair:5   | Reached skill level 1 in Earth Magic
 21169 | Lair:6   | Entered Level 6 of the Lair of Beasts
 22441 | Lair:6   | Reached skill level 12 in Shields
 22720 | Lair:6   | Reached XP level 15. HP: 59/97 MP: 0/27
 22758 | Lair:6   | Reached skill level 5 in Earth Magic
 23050 | Lair:6   | Reached skill level 5 in Necromancy
 23511 | Lair:6   | Identified The Intricacies of Theurgy
 24634 | D:11     | Found Xaisas's Gadget Shoppe.
 25058 | D:11     | Reached skill level 13 in Shields
 25546 | D:11     | Found a roughly hewn altar of Beogh.
 25548 | D:11     | Found a staircase to the Orcish Mines.
 26099 | D:12     | You fall through a shaft for 3 floors!
 26099 | D:15     | Entered Level 15 of the Dungeon
 26131 | D:15     | Noticed Rupert
 26786 | D:14     | Found a shadowy altar of Dithmenos.
 27051 | D:14     | Found a gate to the Vaults.
 27970 | D:13     | Reached skill level 14 in Shields
 28136 | D:13     | Found Ygaith's Distillery.
 28143 | D:13     | Bought a potion of might for 60 gold pieces
 28143 | D:13     | Bought a potion of invisibility for 120 gold pieces
 28143 | D:13     | Bought a potion of invisibility for 120 gold pieces
 28143 | D:13     | Bought a potion of lignification for 45 gold pieces
 28154 | D:13     | Reached XP level 16. HP: 80/102 MP: 28/28
 28692 | D:12     | Got a polished short sword
 28693 | D:12     | Identified the +2 short sword "Napem" {freeze, Dex+6} (You
                  | found it on level 12 of the Dungeon)
 29295 | D:15     | Killed Rupert
 29354 | D:15     | Reached skill level 10 in Earth Magic
 29704 | D:15     | Found a staircase to the Depths.
 30157 | Orc:1    | Entered Level 1 of the Orcish Mines
 30157 | Orc:1    | Found a roughly hewn altar of Beogh.
 30199 | Orc:1    | Found a flagged portal.
 30210 | Bailey   | Entered a bailey
 30564 | Bailey   | Identified a scroll of acquirement
 30566 | Bailey   | Got a smoking turquoise ring
 30568 | Bailey   | Identified the ring "Obac" {*Slow Int+4 Slay+1 SInv Stlth+}
                  | (You acquired it in a bailey)
 30905 | Orc:1    | Reached skill level 1 in Long Blades
 31171 | Orc:1    | Found a deep blue altar of Sif Muna.
 31185 | Orc:1    | Identified Sif Muna's Catalogue of Fire
 31355 | Orc:1    | Reached skill level 15 in Shields
 31592 | Orc:2    | Entered Level 2 of the Orcish Mines
 31592 | Orc:2    | Noticed Azrael
 32030 | Orc:2    | Killed Azrael
 32193 | Orc:2    | Found a staircase to the Elven Halls.
 32572 | Orc:2    | Found Pun Palu's General Store.
 32572 | Orc:2    | Found Hush's Jewellery Shop.
 32574 | Orc:2    | Found Pim Em Gip's Antique Armour Shop.
 32574 | Orc:2    | Found Wajoloiw's Antique Weapon Boutique.
 32848 | Orc:2    | Bought a scroll of identify for 30 gold pieces
 32848 | Orc:2    | Bought a scroll of blinking for 112 gold pieces
 32995 | Orc:2    | Found a runed door.
 33008 | Orc:2    | Found the +10 large shield of Ignorance {rN+ Int-4}
 33013 | Orc:2    | Found a runed door.
 33217 | Orc:2    | Bought an uncursed ring of poison resistance for 260 gold
                  | pieces
 33505 | Snake:1  | Entered Level 1 of the Snake Pit
 33616 | Snake:1  | Reached skill level 5 in Long Blades
 33643 | Snake:1  | Reached ****** piety under Hepliaklqana
 34694 | Snake:1  | Found a runed gate.
 34694 | Snake:1  | Found a runed gate.
 34696 | Snake:1  | Found a runed gate.
 34699 | Snake:1  | Noticed Xoff's ghost (journeyman MiFi)
 34717 | Snake:1  | Found Fuxonn's Jewellery Emporium.
 34717 | Snake:1  | Found Holu's Gadget Shop.
 34718 | Snake:1  | Found Maihom's Jewellery Emporium.
 35014 | Snake:2  | Found Daraup's Gadget Shop.
 35112 | Snake:2  | Found Agrob's Gadget Boutique.
 35115 | Snake:2  | Bought a wand of paralysis (14) for 272 gold pieces
 35318 | Snake:2  | Bought a wand of paralysis (4) for 102 gold pieces
 35359 | Snake:2  | Found Wimus's Weapon Shoppe.
 35385 | Snake:2  | Got a crude dagger
 35387 | Snake:2  | Identified the +1 dagger of the Little People {pierce, MP+9
                  | Int+5 Dex+2} (You found it on level 2 of the Snake Pit)
 35575 | Snake:2  | Found Bedu's Assorted Antiques.
 35591 | Snake:2  | Bought a runed scimitar for 217 gold pieces
 35591 | Snake:2  | Bought a scroll of identify for 62 gold pieces
 35610 | Snake:2  | Reached XP level 17. HP: 107/107 MP: 20/29
 35877 | Snake:2  | Found a deep blue altar of Sif Muna.
 35886 | Snake:2  | Reached skill level 5 in Evocations
 36288 | Snake:2  | Found Vennos's Gadget Emporium.
 36480 | Snake:2  | Learned a level 3 spell: Mephitic Cloud
 37534 | Snake:4  | Entered Level 4 of the Snake Pit
 37545 | Snake:4  | Reached skill level 10 in Long Blades
 39679 | Snake:4  | Reached XP level 18. HP: 93/113 MP: 30/30
 40946 | Snake:4  | Got a serpentine rune of Zot
 41720 | Snake:1  | Killed Xoff's ghost
 42120 | D:5      | Killed derval's ghost
 42127 | D:5      | Killed Azzok's ghost
 42257 | D:9      | Killed derval's ghost
 42517 | Shoals:1 | Entered Level 1 of the Shoals
 43547 | Shoals:1 | Found Loroynal's Luxury Loot.
 43995 | Shoals:2 | Found Tecet's Island Escapes.
 44258 | Shoals:2 | Bought a scroll of teleportation for 54 gold pieces
 44258 | Shoals:2 | Bought a scroll of fog for 36 gold pieces
 44258 | Shoals:2 | Bought a scroll of fog for 36 gold pieces
 44258 | Shoals:2 | Bought a potion of invisibility for 144 gold pieces
 44527 | Shoals:2 | Found Bualeulu's Jewellery Emporium.
 44567 | Shoals:2 | Found a runed gate.
 44567 | Shoals:2 | Found a runed gate.
 44567 | Shoals:2 | Found a runed gate.
 44569 | Shoals:2 | Noticed SaintRoka's ghost (adept VSFi)
 44711 | Shoals:2 | Killed SaintRoka's ghost
 46037 | Shoals:3 | Reached XP level 19. HP: 86/121 MP: 26/32
 46229 | Shoals:3 | Noticed Nikola
 46586 | Shoals:3 | Killed from afar by Nikola

Vault maps used:
D:1:      tarquinn_simple_flora_water_d
D:2:      chequers_ecumenical_altar_simple_redux,
          nicolae_ru_the_path_less_chosen
D:3:      okawaru_gym_becter
D:4:      kennysheep_mini, kennysheep_windowed_goal, uniq_natasha
D:5:      first_ration, gammafunk_ghost_cemetery, uniq_edmund, uniq_ijyb
D:6:      minmay_temple_entry_proselytizer, grunt_ministairs_6, uniq_menkaure
D:7:      grunt_ogre_cave
D:8:      wander_river, dpeg_oklobed_lair, serial_shops, shop, st_stairs_6,
          tgw_fedhas
D:9:      gammafunk_ghost_grave
D:10:     serial_shops, shop
D:11:     david_orc_5, serial_shops, shop, serial_undead, serial_undead_f,
          serial_undead_a, serial_undead_e, serial_undead_f, serial_undead_e,
          minmay_misc_feat_tiny, kennysheep_doodads, kb_rosetta
D:12:     st_stairs_9
D:13:     serial_shops, nicolae_shop_statue_plus
D:14:     erik_vaults_1, nicolae_dithmenos_the_darkroom
D:15:     gammafunk_enter_depths_forms, minmay_hedge_maze, uniq_rupert
Temple:   nicolae_temple_the_god_donut
Lair:1:   st_stairs_10, chequers_serial_rivers_small_3, serial_bayou_shore_a,
          uniq_sonja
Lair:2:   elwin_shoals_entry_rocks, minivault_11, grunt_megastairs_2
Lair:3:   nicolae_quartered_pool_little
Lair:4:   dummy_snake_entry
Lair:5:   nzn_motion_control, slime_dummy,
          portal_ice_cave_entry_animals_and_master, serial_bayou_pond_c,
          infiniplex_staircase_pool_2
Lair:6:   minmay_lair_end_frog_pond, st_stairs_13, grunt_megastairs_1,
          lemuel_fruit_tree, serial_bayou_shore_b
Shoals:1: nicolae_shoals_square_sea_wall, nicolae_alphabet_shops,
          overgrown_tower
Shoals:2: ebering_ghost_rock_garden, minmay_shop_enchanted_jewellery,
          nicolae_island_escapes
Shoals:3: uniq_nikola, uniq_roxanne
Snake:1:  ebering_ghost_rock_garden, minmay_shop_grove
Snake:2:  serial_shops, nicolae_shop_statue_plus, shop_coins,
          nicolae_shop_crystal, shop, nicolae_shop_overgrown_old_shop,
          basic_altar, library_closet
Snake:4:  johnstein_snake_rune_scales, hangedman_venom_bottle
Orc:1:    enter_bailey_3, basic_altar, statue_in_the_mist_lemuel, led_sif_book
Orc:2:    st_orc_congregation, chequers_guarded_unrand_ignorance, uniq_azrael
Bailey:   bailey_axe_2, bailey
IceCv:    ice_cave_caverns_01

Skill      XL: |  1  2  3  4  5  6  7  8  9 10 11 12 13 14 15 16 17 18 |
---------------+-------------------------------------------------------+-----
Dodging        | 1 2 3 4 5 7 9 10 11 13 14 | 14.8
Fighting       | 1 2 4 5 6 8 11 12 13 | 13.7
Conjurations   | 1 2 3 4 5 6 7 8 |  8.0
Spellcasting   | 2 3 4 5 7 8 9 |  9.7
Evocations     | 2 4 6 |  6.0
Shields        | 4 5 7 10 12 14 15 | 15.0
Fire Magic     | 7 |  7.0
Invocations    | 4 |  4.0
Necromancy     | 4 5 6 |  6.0
Earth Magic    | 4 9 10 11 | 11.0
Long Blades    | 6 12 | 12.4
Polearms       | |  0.3
Throwing       | |  1.0
Poison Magic   | |  1.2

Action                   |  1- 3 |  4- 6 |  7- 9 | 10-12 | 13-15 | 16-18 | 19-21 || total
-------------------------+-------+-------+-------+-------+-------+-------+-------++-------
Melee: Short sword       |    12 |     3 |       |       |       |    36 |       ||    51
       Constrict         |     4 |     4 |    20 |    26 |    90 |   140 |    11 ||   295
       Tentacles         |     1 |     1 |    12 |    43 |   114 |   248 |     9 ||   428
       Flail             |       |     8 |     6 |       |       |       |       ||    14
       Mace              |       |       |    84 |   202 |   506 |    36 |       ||   828
       Dagger            |       |       |       |       |       |   918 |    56 ||   974
       Scimitar          |       |       |       |       |       |    37 |       ||    37
 Fire: Blowgun           |    29 |    32 |     2 |       |       |       |       ||    63
Throw: Stone             |       |       |     2 |       |       |       |       ||     2
 Cast: Flame Tongue      |    50 |    50 |   136 |   173 |   151 |       |       ||   560
       Conjure Flame     |       |     3 |     9 |    20 |    17 |     1 |       ||    50
       Sticky Flame      |       |       |    13 |    43 |   198 |    43 |       ||   297
       Fireball          |       |       |       |    27 |    68 |    56 |       ||   151
       Borgnjor's Vile C |       |       |       |       |     5 |   146 |     5 ||   156
       Animate Dead      |       |       |       |       |     1 |    37 |     3 ||    41
Invok: Ancestor Life: Kn |       |       |       |     1 |       |       |       ||     1
       Recall Ancestor   |       |       |       |     2 |    12 |    16 |       ||    30
       Idealise          |       |       |       |       |     7 |     5 |       ||    12
       Ancestor Identity |       |       |       |       |       |     1 |       ||     1
Evoke: Wand              |       |       |     7 |    14 |    10 |    17 |       ||    48
       Sack of spiders   |       |       |       |       |       |     1 |     1 ||     2
  Use: Scroll            |       |     1 |       |    15 |    15 |    24 |     1 ||    56
       Potion            |       |       |       |       |     2 |     6 |       ||     8
 Stab: Sleeping          |       |       |     5 |     4 |     4 |    13 |       ||    26
       Paralysed         |       |       |     4 |    14 |     4 |       |       ||    22
       Distracted        |       |       |       |     4 |     2 |    11 |       ||    17
       Petrified         |       |       |       |       |     7 |       |       ||     7
  Eat: Chunk             |     4 |     8 |    18 |    30 |    67 |    29 |     3 ||   159
       Ration            |       |       |     1 |     2 |     4 |    23 |       ||    30
Armor: Skin              |     2 |     1 |     4 |    11 |    14 |     9 |       ||    41
Dodge: Dodged            |    29 |    11 |   116 |   215 |   666 |   568 |    37 ||  1642
Block: Buckler           |       |       |       |    76 |   113 |       |       ||   189
       Shield            |       |       |       |       |   483 |   851 |    49 ||  1383
       Rpst.: Scimitar   |       |       |       |       |       |     5 |       ||     5

Table legend:
 A = Non-vault XP
 B = Vault XP
 C = Vault XP percentage of total XP
 D = Non-vault monster count
 E = Vault monster count
 F = Vault count percentage of total count
                 A         B        C        D         E       F
            +---------+---------+-------+---------+---------+-------
      Total |  213806 |  112438 |  34.5 |     849 |     389 |  31.4
            +---------+---------+-------+---------+---------+-------
        D:1 |      41 |       0 |   0.0 |      24 |       0 |   0.0
        D:2 |     177 |       0 |   0.0 |      20 |       0 |   0.0
        D:3 |     166 |       0 |   0.0 |      19 |       0 |   0.0
        D:4 |     541 |      32 |   5.6 |      11 |       1 |   8.3
        D:5 |     264 |    1198 |  81.9 |       9 |       4 |  30.8
        D:6 |     553 |     251 |  31.2 |      12 |       3 |  20.0
        D:7 |    1244 |     116 |   8.5 |      22 |       1 |   4.3
        D:8 |    1158 |     183 |  13.6 |      30 |       2 |   6.2
        D:9 |    4616 |     882 |  16.0 |      53 |       1 |   1.9
       D:10 |    6069 |     634 |   9.5 |      41 |       1 |   2.4
       D:11 |    4083 |    2833 |  41.0 |      31 |      32 |  50.8
       D:12 |    4470 |     404 |   8.3 |      31 |       2 |   6.1
       D:13 |    3959 |       0 |   0.0 |      15 |       0 |   0.0
       D:14 |    6848 |    1808 |  20.9 |      34 |       2 |   5.6
       D:15 |   16290 |    6817 |  29.5 |      43 |      11 |  20.4
     Lair:1 |    3600 |     927 |  20.5 |      16 |       2 |  11.1
     Lair:2 |    7674 |    1564 |  16.9 |      33 |       6 |  15.4
     Lair:3 |    7541 |       0 |   0.0 |      24 |       0 |   0.0
     Lair:4 |    7998 |       0 |   0.0 |      25 |       0 |   0.0
     Lair:5 |    3809 |    6893 |  64.4 |      15 |      17 |  53.1
     Lair:6 |   13108 |   13858 |  51.4 |      42 |      50 |  54.3
   Shoals:1 |    8854 |       0 |   0.0 |      20 |       0 |   0.0
   Shoals:2 |   16920 |    1391 |   7.6 |      33 |       1 |   2.9
   Shoals:3 |   17995 |       0 |   0.0 |      38 |       0 |   0.0
    Snake:1 |    9291 |    1463 |  13.6 |      23 |       1 |   4.2
    Snake:2 |   17843 |       0 |   0.0 |      38 |       0 |   0.0
    Snake:3 |   19000 |    2310 |  10.8 |      36 |       6 |  14.3
    Snake:4 |   23901 |   39757 |  62.5 |      44 |      76 |  63.3
      Orc:1 |    4465 |     392 |   8.1 |      46 |       8 |  14.8
      Orc:2 |    1328 |   13455 |  91.0 |      21 |      75 |  78.1
     Bailey |       0 |     888 | 100.0 |       0 |      34 | 100.0
      IceCv |       0 |   14382 | 100.0 |       0 |      53 | 100.0
            +---------+---------+-------+---------+---------+-------
